 Dungeon Crawl Stone Soup version 0.26.0-8-g74fc34ddfb (webtiles) character file.

Game seed: 2132806115590523638

161 Delamore the Shield-Bearer (level 5, -9/34 HPs)
             Began as a Gargoyle Fighter on Jan 12, 2021.
             Mangled by a wyvern (12 damage)
             ... on level 4 of the Dungeon.
             The game lasted 00:04:32 (2894 turns).

Delamore the Shield-Bearer (Gargoyle Fighter)       Turns: 2894, Time: 00:04:32

Health: -9/34      AC: 13    Str: 21    XL:     5   Next: 42%
Magic:  5/5        EV:  7    Int:  8    God:
Gold:   170        SH: 10    Dex:  9    Spells: 4/4 levels left

rFire    . . .     SeeInvis .   u - +3 mace (protect)
rCold    . . .     Faith    .   c - +1 kite shield
rNeg     + . .     Spirit   .   b - +0 scale mail
rPois    ∞         Reflect  .   (no helmet)
rElec    +         Harm     .   a - +0 cloak {rPois}
rCorr    .         Rampage  .   (no gloves)
Will     .....                  i - +0 pair of boots
Stlth    ..........             (no amulet)
HPRegen  0.11/turn              o - ring of flight
MPRegen  0.09/turn              (no ring)

@: no status effects
A: negative energy resistance 1, electricity resistance, unbreathing,
petrification resistance, miasma immunity, AC +4
a: Evoke Flight


You were on level 4 of the Dungeon.
You visited 1 branch of the dungeon, and saw 4 of its levels.

You collected 170 gold pieces.

Inventory:

Hand Weapons
 u - a +3 mace of protection (weapon)
Missiles
 q - 11 poisoned darts (quivered)
Armour
 a - a +0 cloak of poison resistance (worn)
 b - a +0 scale mail (worn)
 c - a +1 kite shield (worn)
 i - a +0 pair of boots (worn)
 l - a +0 plate armour
Jewellery
 o - a ring of flight (left hand)
Wands
 e - a wand of digging (1)
Scrolls
 g - a scroll of blinking
 h - a scroll of immolation {unknown}
 k - a scroll of enchant weapon {unknown}
 m - a scroll of enchant armour
 n - a scroll of teleportation
 p - 2 scrolls of remove curse
Potions
 d - a potion of might
 f - a potion of attraction {unknown}
 j - a potion of haste
 r - a potion of curing {unknown}


   Skills:
 + Level 4.6 Fighting
 + Level 3.4 Maces & Flails
 - Level 3.2 Armour
 + Level 4.6 Shields


You had 4 spell levels left.
You didn't know any spells.
Your spell library was empty.

Dungeon Overview and Level Annotations

Branches:
Dungeon (4/15)
 Temple: D:4-7

Altars:
Uskayaw
The Shining One

Annotations:
D:3 2 runed translucent doors, rabbi's ghost, amateur OpBe


Innate Abilities, Weirdness & Mutations

You are resistant to torment.
Your stone body is resilient. (AC +4)
You are immune to poison.
You resist negative energy. (rN+)
You are resistant to electric shocks. (rElec)
You can survive without breathing.
You are immune to petrification.
You are immune to miasma.


Message History

You hit the wyvern but do no damage.
Your weapon exudes an aura of protection.
The wyvern is moderately wounded.
The wyvern bites you but does no damage. x2
You closely miss the wyvern.
The wyvern is moderately wounded.
The wyvern bites you.
* * * LOW HITPOINT WARNING * * *
The wyvern closely misses you.
You barely miss the wyvern.
The wyvern is moderately wounded.
You block the wyvern's attack. The wyvern bites you.
* * * LOW HITPOINT WARNING * * *
Okay, then.
As you read the scroll labelled ATOR LYUM KOELICH, it crumbles to dust.
It is a scroll of enchant armour.
Your +0 kite shield glows green for a moment.
You block the wyvern's attack. The wyvern bites you!
You die...

.......................
.......#...............
.......#...............
##...### .............
##...#### #.........#
..........#.$?......#
.......).>#.........#
..........#....l....#
###+###...#.....@...#
......#...#......$..#
###...#####.........#
..#...#)..#.........#
.(#...#...+.........#
.(#...'...#.........#
###...#####.........#
.......)............#
....................#


You could see a wyvern.

Vanquished Creatures
  Crazy Yiuf (D:3)
  Ijyb (D:3)
  4 adders
  3 oozes
  2 worms
  A dart slug (D:2)
  A leopard gecko (D:1)
  An orc (D:4)
  A ball python (D:2)
  5 giant cockroaches
  6 goblins
  3 hobgoblins
  4 jackals (D:2)
  A quokka (D:3)
  5 bats
  4 frilled lizards
  3 kobolds
  9 rats
55 creatures vanquished.

Notes
Turn   | Place    | Note
-------+----------+-------------------------------------------
     0 | D:1      | Delamore the Gargoyle Fighter began the quest for the Orb.
     0 | D:1      | Reached XP level 1. HP: 14/14 MP: 1/1
   173 | D:1      | Reached XP level 2. HP: 15/19 MP: 2/2
   633 | D:2      | Reached XP level 3. HP: 19/24 MP: 3/3
   884 | D:2      | Reached XP level 4. HP: 9/29 MP: 4/4
  1153 | D:2      | Found a glowing golden altar of the Shining One.
  1706 | D:3      | Found a large runed translucent door.
  1706 | D:3      | Found a large runed translucent door.
  1708 | D:3      | Noticed rabbi's ghost (amateur OpBe)
  1769 | D:3      | Found a runed translucent door.
  1772 | D:3      | Noticed Crazy Yiuf
  1866 | D:3      | Killed Crazy Yiuf
  1926 | D:3      | Noticed Ijyb
  1964 | D:3      | Killed Ijyb
  1965 | D:3      | Reached XP level 5. HP: 16/34 MP: 5/5
  2837 | D:4      | Found a hide-covered altar of Uskayaw.
  2838 | D:4      | Noticed a +0 dagger
  2838 | D:4      | Noticed a +0 hand axe
  2877 | D:4      | Noticed a wyvern
  2894 | D:4      | Mangled by a wyvern

Illustrated notes

Levels and vault maps discovered:
D:1:      lemuel_arrival_muddy, layout_rooms
D:2:      kennysheep_big_flooded_room, layout_basic,
          nicolae_overflow_hidden_temple
D:3:      minmay_inner_zag, layout_rooms, ebering_ghost_disaster_area,
          uniq_crazy_yiuf_cottage, uniq_ijyb
D:4:      layout_gridville, dancing_weapons_uskayaw,
          nemelex_xobeh_ov_fountains_minmay, marbit_many_paths, minitemple,
          kennysheep_windowed_goal

Skill      XL: |  1  2  3  4 |
---------------+-------------+-----
Shields        | 4 |  4.6
Fighting       | 4 |  4.6
Maces & Flails | 3 |  3.4
Armour         | |  3.2

Action                   |  1- 3 |  4- 6 || total
-------------------------+-------+-------++-------
Melee: Flail             |   126 |    45 ||   171
       Mace              |       |    80 ||    80
  Use: Scroll            |       |     8 ||     8
       Potion            |       |     3 ||     3
Armor: Scale mail        |    92 |    59 ||   151
Dodge: Dodged            |    60 |    40 ||   100
Block: Kite shield       |    73 |    60 ||   133
